 Dungeon Crawl Stone Soup version 0.29-a0-330-g52719c12eb (webtiles) character file.

Game seed: 10941708763473140288

5047 kae the Firebug (level 10, -1/78 HPs)
             Began as a Demigod Fire Elementalist on May 5, 2022.
             Slain by an eight-headed hydra (13 damage)
             ... on level 9 of the Dungeon.
             The game lasted 00:07:23 (10182 turns).

kae the Firebug (Demigod Fire Elementalist)        Turns: 10182, Time: 00:07:24

Health: -1/78      AC:  7    Str:  9    XL:     10   Next: 9%
Magic:  19/23      EV: 14    Int: 29    God:
Gold:   1602       SH:  0    Dex: 17    Spells: 4/21 levels left

rFire   + . .      SeeInvis .   g - +8 lance "Wyrmbane" {slay drac, rPois rF+ rC+ AC+3}
rCold   + + .      Faith    .   (no shield)
rNeg    . . .      Spirit   .   a - +0 robe
rPois   +          Reflect  .   h - +0 helmet
rElec   +          Harm     .   (no cloak)
rCorr   .          Rampage  .   (no gloves)
Will    +....                   C - +0 pair of boots
Stlth   +++.......              f - amulet of regeneration
HPRegen 1.03/turn               n - ring of protection from fire
MPRegen 0.18/turn               t - ring "Goipa" {Ice rElec rPois Dex+3 Stlth+}

@: slowed, very slow
A: high MP 1, forlorn, divine attributes
a: no special abilities


You were on level 9 of the Dungeon.
You visited 1 branch of the dungeon, and saw 9 of its levels.

You collected 1686 gold pieces.
You spent 84 gold pieces at shops.

Inventory:

Hand Weapons
 c - a +0 dagger
 d - a +2 dagger of freezing
 g - the +8 lance "Wyrmbane" (weapon) {slay drac, rPois rF+ rC+ AC+3}
   (You acquired it on level 2 of the Dungeon)

   It inflicts extra damage against dragons and draconians.
   AC:        It affects your AC (+3).
   rF:        It protects you from fire.
   rC:        It protects you from cold.
   rPois:     It protects you from poison.
 D - the +5 whip "Fiso" {vorpal, rPois rF+}
   (You found it on level 8 of the Dungeon)

   It inflicts extra damage upon your enemies.
   rF:        It protects you from fire.
   rPois:     It protects you from poison.
Missiles
 j - 3 throwing nets
Armour
 a - a +0 robe (worn)
 h - a +0 helmet (worn)
 C - a +0 pair of boots (worn)
Jewellery
 f - an amulet of regeneration (around neck)
 i - a ring of ice
 n - a ring of protection from fire (left hand)
 t - the ring "Goipa" (right hand) {Ice rElec rPois Dex+3 Stlth+}
   (You found it on level 4 of the Dungeon)

   [ring of ice]

   It enhances your ice magic.
   Dex:       It affects your dexterity (+3).
   rF:        It makes you vulnerable to fire.
   rC:        It protects you from cold.
   rElec:     It insulates you from electricity.
   rPois:     It protects you from poison.
   Stlth:     It makes you more stealthy.
 u - a ring of resist corrosion
Wands
 y - a wand of paralysis (12)
 A - a wand of flame (14)
 E - a wand of iceblast (10)
Scrolls
 k - 3 scrolls of fear
 m - 6 scrolls of teleportation
 o - a scroll of noise
 w - a scroll of brand weapon
 x - a scroll of fog
 z - a scroll of amnesia
 B - a scroll of silence
 F - a scroll of holy word {unknown}
Potions
 b - a potion of magic
 e - 4 potions of heal wounds
 l - 2 potions of mutation
 p - 4 potions of curing
 q - 2 potions of brilliance
 r - a potion of haste
 s - a potion of resistance
 v - 4 potions of lignification {unknown}


   Skills:
 + Level 3.8 Fighting
 + Level 6.0 Polearms
 + Level 4.3 Dodging
 - Level 1.7 Stealth
 + Level 6.2 Spellcasting
 + Level 6.4 Conjurations
 + Level 7.0 Fire Magic


You had 4 spell levels left.
You knew the following spells:

 Your Spells              Type           Power      Damage    Failure   Level
a - Foxfire               Conj/Fire      100%       2x1d9     1%          1
b - Scorch                Fire           98%        2d9       1%          2
c - Conjure Flame         Conj/Fire      48%        6-21      1%          3
d - Inner Flame           Hex/Fire       29%        N/A       4%          3
e - Flame Wave            Conj/Fire      48%        2d10      3%          4
f - Sticky Flame          Conj/Fire      48%        2d7       3%          4

Your spell library contained the following spells:

 Spells                   Type           Power      Damage    Failure   Level
 Animate Skeleton         Necr           18%        N/A       5%          1
 Apportation              Tloc           18%        N/A       5%          1
 Pain                     Necr           36%        1d5       5%          1
 Summon Small Mammal      Summ           36%        N/A       5%          1
 Ignite Poison            Fire/Tmut/Pois 22%        N/A       6%          3
 Ensorcelled Hibernation  Hex/Ice        26%        N/A       9%          2
 Passwall                 Tmut/Erth      7%         N/A       9%          2
 Gell's Gravitas          Tloc           9%         N/A       17%         3
 Lesser Beckoning         Tloc           9%         N/A       17%         3
 Swiftness                Air            9%         N/A       17%         3
 Teleport Other           Tloc           9%         N/A       17%         3
 Agony                    Necr           9%         N/A       83%         5
 Excruciating Wounds      Necr           4%         N/A       83%         5


Dungeon Overview and Level Annotations

Branches:
Dungeon (9/15)             Temple (0/1) D:6
   Lair: D:8-11         Orc: D:9-12

Shops:
D:6 *


Innate Abilities, Weirdness & Mutations

You have an increased reservoir of magic. (+10% MP)
You shall have no god before yourself.
Your divine heritage dramatically boosts your attributes as you level up.


Message History

The wraith barely misses you.
There are monsters nearby!
You hit the wraith but do no damage.
The wraith is heavily damaged.
The orc priest mumbles some strange prayers to Beogh against you.
You resist with significant effort. The wraith hits you.
The wraith drains your vigour!
You feel as though you will be slow longer.
The orc priest mumbles some strange prayers to Beogh against you.
Beogh smites you! The wraith hits you but does no damage.
You puncture the wraith!
The wraith is almost destroyed.
The wraith barely misses you.
There are monsters nearby!
You hit the wraith.
You destroy the wraith!
The orc priest hits you with a +0 hand axe.
The eight-headed hydra bites you.
The eight-headed hydra closely misses you.
The eight-headed hydra bites you! The eight-headed hydra bites you. x2
The eight-headed hydra bites you!
The eight-headed hydra closely misses you.
The eight-headed hydra barely misses you.
Your Polearms skill increases to level 6!
You are too injured to fight recklessly!
Casting: Flame Wave (dangerous; 3% risk of failure)
Confirm with . or Enter, or press ? or * to list all spells.
Casting: Flame Wave (dangerous; 3% risk of failure)
Press: ? - help, Dir - look around, f - activate A wave of flame ripples out!
The flame wave engulfs the orc priest.
The orc priest is moderately wounded.
The flame wave engulfs the eight-headed hydra!
The eight-headed hydra is moderately wounded. (Press . to intensify the flame waves.)
The orc priest hits you with a +0 hand axe.
The eight-headed hydra closely misses you.
The eight-headed hydra bites you. The eight-headed hydra bites you!
* * * LOW HITPOINT WARNING * * *
The eight-headed hydra bites you!
You die...

#.....##.. #..... .#.
#.... ..#" #..^ .#.#.
### #..##.##.. ##..###
#.#T...###
#.#.....#####.oDD.....
#.#......#....@#
#.#..........###
#.#........###
#........###
#.......## #......##
##....### #....##
##)#.##


You could see an eight-headed hydra, a troll, a steam dragon and an orc priest.

Vanquished Creatures
  A wraith (D:9)
  8 yaks (D:8)
  Menkaure (D:6)
  A steam dragon (D:8)
  2 water moccasins (D:6)
  4 orc warriors
  3 sky beasts (D:7)
  2 ice beasts
  A centaur (D:7)
  2 ogres (D:5)
  2 phantoms
  A kobold brigand (D:6)
  3 bullfrogs
  2 gnoll sergeants
  5 scorpions
  9 wights
  3 killer bees (D:9)
  2 jellies
  2 orc priests
  A gnoll shaman (D:8)
  2 hounds
  2 iguanas (D:5)
  3 orc wizards
  11 gnolls
  13 adders
  2 white imps
  2 worms
  3 dart slugs (D:2)
  41 orcs
  13 endoplasms
  5 giant cockroaches
  11 goblins
  11 hobgoblins
  4 jackals (D:3)
  11 kobolds
  4 quokkas
  6 ball pythons
  9 bats
  3 frilled lizards
  7 rats
218 creatures vanquished.

Vanquished Creatures (others)
  727 foxfires
727 creatures vanquished.

Grand Total: 945 creatures vanquished

Notes
Turn   | Place    | Note
-------+----------+-------------------------------------------
     0 | D:1      | kae the Demigod Fire Elementalist began the quest for the
                  | Orb.
     0 | D:1      | Reached XP level 1. HP: 14/14 MP: 5/5
   117 | D:1      | Reached skill level 1 in Conjurations
   463 | D:1      | Reached XP level 2. HP: 9/19 MP: 2/7
   904 | D:1      | Reached skill level 3 in Fire Magic
   909 | D:1      | Learned a level 2 spell: Scorch
  1898 | D:2      | Reached XP level 3. HP: 20/26 MP: 3/9
  2880 | D:2      | Identified a scroll of acquirement
  2880 | D:2      | Acquired the +8 lance "Wyrmbane" {slay drac, rPois rF+ rC+
                  | AC+3}
  2880 | D:2      | Found the +8 lance "Wyrmbane" {slay drac, rPois rF+ rC+
                  | AC+3}
  2966 | D:3      | Reached XP level 4. HP: 31/33 MP: 10/10
  3268 | D:3      | Reached skill level 1 in Polearms
  3587 | D:3      | Reached XP level 5. HP: 35/38 MP: 1/12
  4187 | D:4      | Reached skill level 4 in Fire Magic
  4195 | D:4      | Reached XP level 6. HP: 15/45 MP: 7/14
  5067 | D:4      | Reached XP level 7. HP: 24/50 MP: 8/15
  5307 | D:4      | Identified the ring "Goipa" {Ice rElec rPois Dex+3 Stlth+}
  5631 | D:5      | Entered Level 5 of the Dungeon
  5737 | D:5      | Learned a level 3 spell: Conjure Flame
  5741 | D:5      | Learned a level 3 spell: Inner Flame
  5746 | D:5      | Learned a level 4 spell: Flame Wave
  6044 | D:5      | Reached skill level 5 in Fire Magic
  6445 | D:6      | Found Anaohoj's Assorted Antiques.
  6515 | D:6      | Bought a smoky orange potion for 26 gold pieces
  6515 | D:6      | Bought 2 scrolls labelled XYENIE SUALIRR for 58 gold pieces
  6527 | D:6      | Reached XP level 8. HP: 57/57 MP: 15/18
  6546 | D:6      | Found a staircase to the Ecumenical Temple.
  6855 | D:6      | Reached skill level 5 in Conjurations
  6883 | D:6      | Noticed Menkaure
  6889 | D:6      | Killed Menkaure
  6890 | D:6      | Reached skill level 5 in Spellcasting
  6978 | D:6      | Reached skill level 1 in Fighting
  7030 | D:6      | Reached skill level 6 in Fire Magic
  7313 | D:7      | Acquired 1209 gold pieces
  7741 | D:7      | Reached XP level 9. HP: 67/67 MP: 12/20
  7960 | D:7      | Reached skill level 5 in Polearms
  8929 | D:8      | Identified the +5 whip "Fiso" {vorpal, rPois rF+}
  9387 | D:8      | Learned a level 4 spell: Sticky Flame
  9414 | D:8      | Reached XP level 10. HP: 47/77 MP: 1/23
 10094 | D:9      | Reached skill level 7 in Fire Magic
 10171 | D:9      | Noticed an eight-headed hydra
 10182 | D:9      | Slain by an eight-headed hydra

Illustrated notes

Levels and vault maps discovered:
D:1:      minmay_arrival_wavy_path, layout_loops_ring
D:2:      layout_basic, basic_altar, minmay_heptomino_l4
D:3:      layout_loops_ring, mainiacjoe_overflow_24_doors,
          yredelemnul_altar_generic, dreamdust_ecumenical_altar_statues,
          nicolae_concentric_dashed_squares_wild, minmay_vboxes
D:4:      minmay_chambers_of_twos, layout_layer_cave,
          nemelex_xobeh_ov_fountains_minmay
D:5:      layout_rooms, st_stairs_4
D:6:      layout_cave_pools, mainiacjoe_overflow_paths,
          minmay_temple_entry_statues_pillars, serial_shops,
          nicolae_stop_n_shop_1, uniq_menkaure
D:7:      layout_layer_cave, mainiacjoe_overflow_cross_hatched,
          mainiacjoe_overflow_chevrons, nicolae_qazlal_style_of_elements,
          gammafunk_temple_overflow_statue, enter_bailey_3, chequers_garden,
          lightli_minifort
D:8:      layout_cave_pods, dreamdust_gnoll_shepherd
D:9:      layout_cave_pods, marbit_many_paths,
          worldfamousw_hep_ancestral_shrine, lair_entry_dummy,
          minmay_checkerbox, uniq_prince_ribbit1, uniq_amaemon

Skill      XL: |  1  2  3  4  5  6  7  8  9 10 |
---------------+-------------------------------+-----
Conjurations   | 1 2 3 4 5 6 |  6.4
Spellcasting   | 2 3 4 5 6 |  6.2
Fire Magic     | 3 4 5 6 7 |  7.0
Polearms       | 1 2 3 4 5 6 |  6.0
Dodging        | 2 4 |  4.3
Fighting       | 1 3 |  3.8
Stealth        | |  1.7

Action                   |  1- 3 |  4- 6 |  7- 9 | 10-12 || total
-------------------------+-------+-------+-------+-------++-------
Melee: Dagger            |    11 |       |       |       ||    11
       Unarmed           |     3 |       |       |       ||     3
       Lance             |     7 |    58 |    28 |    21 ||   114
 Cast: Foxfire           |   115 |   108 |   171 |    16 ||   410
       Scorch            |     3 |    10 |    47 |       ||    60
       Flame Wave        |       |       |     8 |     2 ||    10
       Conjure Flame     |       |       |     1 |       ||     1
  Use: Scroll            |     4 |     2 |     9 |     2 ||    17
       Potion            |       |     2 |     1 |       ||     3
 Stab: Sleeping          |     1 |       |       |     1 ||     2
Armor: Robe              |    11 |    25 |    27 |     5 ||    68
Dodge: Dodged            |    29 |    42 |    74 |    15 ||   160

Table legend: (Time is in decaauts)
 A = Elapsed time spent in this place.
 B = Non-inter-level travel time spent in this place.
 C = Inter-level travel time spent in this place.
 D = Time resting spent in this place.
 E = Time spent auto-exploring this place.
 F = Levels seen in this place.
 G = Mean time per level.
                   A        B        C        D        E       F      G
               +--------+--------+--------+--------+--------+-----+--------+
         Total |  10156 |   9849 |    307 |    430 |   7829 |   9 | 1128.4 |
       Dungeon |  10156 |   9849 |    307 |    430 |   7829 |   9 | 1128.4 |
               +--------+--------+--------+--------+--------+-----+--------+

Top non-repeatable levels by time:
     D:7: 1556 daAuts
     D:1: 1547 daAuts
     D:4: 1475 daAuts
     D:2: 1346 daAuts
     D:3: 1244 daAuts
     D:8: 1192 daAuts
     D:6: 865 daAuts
     D:5: 812 daAuts
     D:9: 116 daAuts
